 Dungeon Crawl Stone Soup version 0.30.1-4-g462c640d31 (webtiles) character file.

Game seed: 5912620017205540170

3397 safid the Frost Mage (level 10, -1/80 HPs)
             Began as a Merfolk Ice Elementalist on Sept 18, 2023.
             Was a Believer of Vehumet.
             Slain by a +2 spectral quarterstaff (3 damage)
             ... created by Joseph
             ... on level 8 of the Dungeon.
             The game lasted 00:11:09 (7087 turns).

safid the Frost Mage (Merfolk Ice Elementalist)     Turns: 7087, Time: 00:11:10

Health: -1/80      AC: 12    Str: 10    XL:     10   Next: 4%
Magic:  0/20       EV: 15    Int: 18    God:    Vehumet [**....]
Gold:   307        SH:  0    Dex: 14    Spells: 16/23 levels left

rFire   + . .        w - +10 spear of Judgement {spect, rElec rC+}
rCold   + . .        (no shield)
rNeg    . . .        a - +0 robe
rPois   +            (no helmet)
rElec   +            y - +0 cloak
rCorr   .            (no gloves)
SInv    .            u - +0 pair of boots
Will    .....        G - amulet of guardian spirit
Stlth   ++           r - ring of protection from fire
HPRegen 0.33/turn    I - ring of poison resistance
MPRegen 0.17/turn

%: guardian spirit
@: ice-armoured, freezing walls
A: (nimble swimmer 2), mertail
a: Renounce Religion


You were on level 8 of the Dungeon.
You worshipped Vehumet.
Vehumet was pleased with you.
You visited 2 branches of the dungeon, and saw 9 of its levels.

You collected 307 gold pieces.

Inventory:

Hand Weapons
 w - the +10 spear of Judgement (weapon) {spect, rElec rC+}
   (You found it on level 4 of the Dungeon)

   rC:        It protects you from cold.
   rElec:     It insulates you from electricity.
Missiles
 x - 2 throwing nets
 H - 2 curare-tipped darts
Armour
 a - a +0 robe (worn)
 u - a +0 pair of boots (worn)
 y - a +0 cloak (worn)
Jewellery
 r - a ring of protection from fire (left hand)
 G - an amulet of guardian spirit (around neck)
 I - a ring of poison resistance (right hand)
Wands
 j - a wand of acid (7)
 q - a wand of iceblast (24)
 A - a wand of polymorph (8)
 F - a wand of digging (7)
Scrolls
 c - 2 scrolls of enchant armour {unknown}
 e - 2 scrolls of identify {unknown}
 f - a scroll of amnesia {unknown}
 h - 3 scrolls of vulnerability {unknown}
 l - 2 scrolls of noise {unknown}
 n - a scroll of teleportation {unknown}
 o - 2 scrolls of torment {unknown}
 t - 3 scrolls of blinking {unknown}
 B - a scroll of magic mapping {unknown}
 C - a scroll of fear {unknown}
 E - a scroll of silence {unknown}
Potions
 b - 2 potions of magic
 d - 3 potions of haste
 g - 2 potions of mutation {unknown}
 i - a potion of ambrosia
 k - 2 potions of degeneration
 m - 7 potions of curing {unknown}
 p - 2 potions of cancellation {unknown}
 s - 3 potions of flight {unknown}
 v - a potion of might {unknown}
 z - a potion of lignification {unknown}


   Skills:
 + Level 8.1 Fighting
 + Level 6.7 Dodging
 - Level 2.1 Stealth
 + Level 7.2 Spellcasting
 + Level 9.4 Ice Magic


You had 16 spell levels left.
You knew the following spells:

 Your Spells              Type           Power      Damage    Failure   Level
a - Freeze                Ice            100%       1d10      1%          1
b - Frozen Ramparts       Ice            80%        1d13      1%          3
c - Ozocubu's Armour      Ice            40%        N/A       1%          3

Your spell library contained the following spells:

 Spells                   Type           Power      Damage    Failure   Level
 Searing Ray              Conj           12%        2d4       16%         2
 Ensorcelled Hibernation  Hex/Ice        46%        N/A       2%          2
 Blink                    Tloc           12%        N/A       16%         2
 Lesser Beckoning         Tloc           12%        N/A       16%         2
 Momentum Strike          Conj/Tloc      12%        3d8       16%         2
 Summon Ice Beast         Ice/Summ       23%        N/A       16%         4
 Spider Form              Tmut/Pois      6%         N/A       32%         3
 Tukima's Dance           Hex            6%         N/A       32%         3
 Anguish                  Hex/Necr       3%         N/A       71%         4
 Passage of Golubria      Tloc           6%         N/A       71%         4
 Yara's Violent Unravell  Hex/Tmut       3%         3d4       96%         5


Dungeon Overview and Level Annotations

Branches:
Dungeon (8/15)             Temple (1/1) D:4
   Lair: D:8-11

Altars:
Cheibriados
Elyvilon
Gozag
Hepliaklqana
Kikubaaqudgha
Makhleb
Nemelex Xobeh
Okawaru
Qazlal
Ru
Sif Muna
Trog
Uskayaw
Vehumet
Wu Jian
Xom
Yredelemnul
Zin
The Shining One

Shops:
D:7 (

Annotations:
D:6 1 runed translucent door, Crazy Yiuf
D:7 3 runed translucent doors, Achilles's ghost, novice DsGl
D:8 Joseph


Innate Abilities, Weirdness & Mutations

((You are very nimble when in or above water. (Stealth+, EV+, Speed+++)))
Your lower body shifts to a powerful aquatic tail in water.


Message History

The wall freezes the centaur!
The centaur misses you. The centaur kicks you.
The wall freezes the +2 spectral quarterstaff but does no damage.
Casting: Frozen Ramparts (safe; 1% risk of failure)
Confirm with . or Enter, or press ? or * to list all spells.
A film of ice covers your body!
The +2 spectral quarterstaff completely resists.
The wall freezes the +2 spectral quarterstaff but does no damage.
The +2 spectral quarterstaff resists.
The wall freezes the +2 spectral quarterstaff.
The wall freezes Joseph.
Joseph closely misses you.
The +2 spectral quarterstaff misses you.
The wall freezes the centaur.
The centaur barely misses you. The centaur closely misses you.
The wall freezes the +2 spectral quarterstaff but does no damage.
The wall freezes the centaur.
The centaur hits you. The centaur kicks you.
The +2 spectral quarterstaff resists.
The wall freezes the +2 spectral quarterstaff.
The wall freezes Joseph!
Joseph hits you but does no damage. The +2 spectral quarterstaff hits you!
* * * LOW HITPOINT WARNING * * *
The wall freezes the centaur but does no damage.
The centaur hits you but does no damage.
The centaur misses you.
Unknown command.
You puncture Joseph!
Joseph is moderately wounded.
Your +10 spear of Judgement {spect, rElec rC+} hits Joseph from afar!
The wall freezes the +2 spectral quarterstaff but does no damage.
The +2 spectral quarterstaff closely misses you.
The wall freezes the centaur.
You kill the centaur!
Vehumet accepts your kill.
The wall freezes Joseph.
Joseph hits you with a +2 spectral quarterstaff!
* * * LOW HITPOINT WARNING * * *
The +2 spectral quarterstaff hits you.
* * * LOW HITPOINT WARNING * * *
The wall freezes the +2 spectral quarterstaff but does no damage.
The +2 spectral quarterstaff hits you.
You die...

## ######### ..
#.......## #.
#......## #.######
##.##..## #.#.. ..##
##.#..## #.#.#
#.###.##..<.
#.#.#(####.†#.###.##.
#..)@(..†..#.## #....
###.#@######## #..#.
#.#.# ##... #.#.#
.#.. #.... .....
#.### ###### #. #.


You could see Joseph, a +2 spectral quarterstaff and a friendly +10 spear of
Judgement {spect, rElec rC+}.

Vanquished Creatures
  A troll (D:7)
  Grinder (D:3)
  Eustachio (D:6)
  5 yaks (D:8)
  3 ice beasts
  A black bear (D:6)
  3 ogres
  4 centaurs
  3 kobold brigands
  2 phantoms
  2 bullfrogs
  2 scorpions
  2 howler monkeys
  A jelly (D:6)
  A gnoll bouda (D:6)
  An orc priest (D:7)
  2 hounds (D:5)
  2 sleepcaps
  4 iguanas
  10 gnolls
  8 adders
  2 white imps
  An ufetubus (D:6)
  4 dart slugs
  3 worms (D:3)
  13 orcs
  9 ball pythons
  10 endoplasms
  3 giant cockroaches
  3 goblins
  6 hobgoblins
  3 jackals (D:4)
  24 kobolds
  4 quokkas
  10 bats
  3 frilled lizards
  5 rats
162 creatures vanquished.

Notes
Turn   | Place    | Note
-------+----------+-------------------------------------------
     0 | D:1      | safid the Merfolk Ice Elementalist began the quest for the
                  | Orb.
     0 | D:1      | Reached XP level 1. HP: 13/13 MP: 3/3
   126 | D:1      | Reached XP level 2. HP: 18/20 MP: 5/5
   132 | D:1      | Reached skill level 1 in Fighting
   328 | D:1      | Found a faded altar of an unknown god.
   720 | D:2      | Reached XP level 3. HP: 7/26 MP: 2/6
  1818 | D:3      | Learned a level 3 spell: Frozen Ramparts
  1838 | D:3      | Learned a level 3 spell: Ozocubu's Armour
  1978 | D:3      | Reached XP level 4. HP: 33/33 MP: 8/8
  2027 | D:3      | Noticed Grinder
  2033 | D:3      | Paralysed by Grinder for 3 turns
  2038 | D:3      | Reached skill level 5 in Ice Magic
  2061 | D:3      | HP: 1/33 [Grinder/nerve-wracking pain (8)]
  2076 | D:3      | Killed Grinder
  2077 | D:3      | Reached XP level 5. HP: 16/41 MP: 7/10
  2077 | D:3      | Reached XP level 6. HP: 18/47 MP: 7/11
  2554 | D:3      | Reached skill level 6 in Ice Magic
  2655 | D:3      | Found a burning altar of Makhleb.
  2657 | D:3      | Found a glowing silver altar of Zin.
  2659 | D:3      | Found a white marble altar of Elyvilon.
  2659 | D:3      | Found a hazy altar of Hepliaklqana.
  2777 | D:3      | Found an ornate altar of the Wu Jian Council.
  3187 | D:4      | Found a staircase to the Ecumenical Temple.
  3195 | Temple   | Entered the Ecumenical Temple
  3206 | Temple   | Became a worshipper of Vehumet
  3798 | D:4      | Reached XP level 7. HP: 43/55 MP: 3/13
  4326 | D:4      | Identified the +10 spear of Judgement {spect, rElec rC+}
  4495 | D:5      | Entered Level 5 of the Dungeon
  4552 | D:5      | Reached * piety under Vehumet
  4552 | D:5      | Offered knowledge of Shock by Vehumet.
  4602 | D:5      | Reached skill level 5 in Fighting
  4696 | D:5      | Reached skill level 7 in Ice Magic
  4700 | D:5      | Reached skill level 5 in Spellcasting
  4700 | D:5      | Reached XP level 8. HP: 61/62 MP: 9/15
  5129 | D:6      | Noticed Eustachio
  5138 | D:6      | Killed Eustachio
  5434 | D:6      | Reached skill level 8 in Ice Magic
  5686 | D:6      | Reached XP level 9. HP: 62/71 MP: 15/18
  6226 | D:6      | Found a runed translucent door.
  6227 | D:6      | Noticed Crazy Yiuf
  6343 | D:7      | Reached ** piety under Vehumet
  6343 | D:7      | Offered knowledge of Searing Ray by Vehumet.
  6422 | D:7      | Reached skill level 5 in Dodging
  6447 | D:7      | Noticed a troll
  6453 | D:7      | Killed a troll
  6774 | D:7      | Found Roiwnas's Antique Weapon Emporium.
  6967 | D:7      | Found a runed translucent gate.
  6967 | D:7      | Found a runed translucent gate.
  6967 | D:7      | Found a runed translucent gate.
  6968 | D:7      | Noticed a kobold demonologist
  6968 | D:7      | Noticed Achilles's ghost (novice DsGl)
  7048 | D:8      | Reached skill level 9 in Ice Magic
  7058 | D:8      | Reached XP level 10. HP: 75/80 MP: 14/20
  7081 | D:8      | Noticed Joseph
  7087 | D:8      | HP: 2/80 [+2 spectral quarterstaff[Joseph] (5)]
  7087 | D:8      | Slain by a +2 spectral quarterstaff

Illustrated notes

Levels and vault maps discovered:
D:1:      ldierk_walled_garden, layout_basic, ebering_ecumenical_altar_webs,
          chequers_serial_rivers_micro_d, minmay_hexomino_f4
D:2:      layout_loops_corners, kennysheep_generic_room_14
D:3:      cheibrodos_thug_alley, layout_loops_ring,
          mainiacjoe_overflow_small_starburst, grunt_temple_overflow_open,
          minmay_fractal_squares_gapless_5, uniq_grinder
D:4:      layout_cave_pools, minmay_temple_entry_junction
D:5:      layout_basic
D:6:      layout_loops_corners, uniq_crazy_yiuf_cottage, uniq_eustachio
D:7:      layout_gridville, serial_shops, shop, gammafunk_ghost_nasty_kobolds
D:8:      nicolae_cairo_tiling_large, layout_loops_ring, worms_lemuel,
          uniq_prince_ribbit1, uniq_joseph, uniq_psyche, uniq_pikel
Temple:   eino_temple_water

Skill      XL: |  1  2  3  4  5  6  7  8  9 |
---------------+----------------------------+-----
Fighting       | 1 2 3 4 5 6 8 |  8.1
Ice Magic      | 5 6 7 8 9 |  9.4
Spellcasting   | 3 4 5 6 7 |  7.2
Dodging        | 3 6 |  6.7
Stealth        | |  2.1

Action                     |  1- 3 |  4- 6 |  7- 9 | 10-12 || total
---------------------------+-------+-------+-------+-------++-------
  Melee: Unarmed           |    12 |       |       |       ||    12
         Dagger            |   100 |   146 |    46 |       ||   292
         Tailslap          |     1 |       |       |       ||     1
         Punch             |       |     1 |     3 |       ||     4
         Spear             |       |       |   120 |     1 ||   121
   Cast: Freeze            |    21 |     7 |    10 |       ||    38
         Frozen Ramparts   |       |    13 |    23 |     1 ||    37
         Ozocubu's Armour  |       |     9 |    18 |     1 ||    28
    Use: Potion            |       |     4 |       |       ||     4
   Stab: Sleeping          |     6 |     1 |     3 |       ||    10
         Distracted        |     1 |       |     1 |       ||     2
         Invisible         |       |     3 |       |       ||     3
 Armour: Robe              |    37 |    62 |    53 |     2 ||   154
  Dodge: Dodged            |    97 |   118 |   101 |    10 ||   326
